AoeStats
← Sandokan2023

Coastal Forest

510713528Analyzed
4v4 RM · 9h ago on Oct 2, 2026· 58m 54s· 8 players
Game mode
Random Map
Map size
Large (8 player)
Population
200
Speed
Normal
Resources
Standard
Victory
Conquest
Starting age
Dark Age
Ending age
Imperial Age
RankedLock teamsTeams togetherTeam positionsShared explorationLock speedFull tech treeHidden civsTurbo modeCheats
Victory
Defeat
🇹🇼 Chinese · Taiwan
716
+9
🇲🇾 Teutons · Malaysia
715
+9
🇦🇷 Burgundians · Argentina
687
+10
🇨🇳 Koreans · China
646
+11
🇦🇺 Huns · Australia
575
-11
🇩🇪 Dravidians · Germany
571
-11
🇮🇳 Cumans · India
534
-9
🇫🇷 Italians · France
485
-8
iFeeZ__Sigtryggr
11:23 Feudal Age
15:06 Double-Bit Axe
24:33 Castle Age
Sandokan2023
1:35 Loom
16:40 Feudal Age
18:05 Fishing Lines
19:39 Wheelbarrow
22:20 Castle Age
21:26 Double-Bit Axe
23:07 Horse Collar
23:40 Bow Saw
23:25 Gold Mining
23:28 Stone Mining
24:04 Gillnets
26:03 Heavy Plow
27:53 Hand Cart
31:32 Squires
32:11 Fletching
32:35 Forging
32:25 Scale Mail Armor
35:40 Pikeman
38:42 Iron Casting
38:22 Chain Mail Armor
40:08 Town Watch
40:19 Fletching
48:36 Imperial Age
46:08 Town Patrol
51:25 Wootz Steel
51:40 Halberdier
54:19 Bodkin Arrow
55:24 Blast Furnace
54:56 Plate Mail Armor
57:54 Two-Man Saw
keirandwyer
4:19 Loom
11:58 Feudal Age
14:52 Double-Bit Axe
16:37 Wheelbarrow
15:58 Gold Mining
19:32 Horse Collar
21:11 Stone Mining
21:10 Fishing Lines
26:26 Castle Age
28:31 Bow Saw
31:09 Murder Holes
33:13 Caravan
34:21 Ballistics
34:57 Pikeman
39:09 Imperial Age
36:40 Fletching
38:49 Thumb Ring
38:04 Crossbowman
38:07 Elite Skirmisher
39:32 Gold Shaft Mining
40:11 Conscription
52:48 Atheism
52:36 Marauders
56:51 Gillnets
57:15 Bodkin Arrow
ShrouD
12:36 Feudal Age
13:05 Horse Collar
13:13 Double-Bit Axe
14:06 Wheelbarrow
21:43 Castle Age
22:54 Hand Cart
23:40 Bow Saw
23:24 Stone Mining
23:24 Gold Mining
23:42 Heavy Plow
28:15 Capped Ram
31:32 Bloodlines
30:44 Light Cavalry
32:09 Gold Shaft Mining
32:09 Padded Archer Armor
32:14 Scale Barding Armor
32:01 Fletching
33:38 Leather Archer Armor
33:19 Bodkin Arrow
33:24 Scale Mail Armor
33:30 Scale Barding Armor
33:35 Forging
35:30 Town Watch
35:30 Loom
38:31 Imperial Age
44:41 Chemistry
44:01 Ballistics
43:32 Heated Shot
43:39 Murder Holes
43:54 Clinker Construction
43:55 Careening
43:55 Masonry
44:10 Chain Barding Armor
44:20 Ring Archer Armor
44:05 Chain Mail Armor
44:01 Forging
43:57 Town Patrol
43:24 Elite Kipchak
44:12 Cuman Mercenaries
44:12 Steppe Husbandry
53:27 Cavalier
53:27 Hussar
iiiqq-qwzaa---q
9:35 Feudal Age
10:08 Double-Bit Axe
11:01 Wheelbarrow
18:10 Horse Collar
21:43 Castle Age
23:02 Hand Cart
23:54 Bow Saw
24:05 Stone Mining
26:32 Light Cavalry
28:25 Bloodlines
30:42 Husbandry
41:08 Imperial Age
41:46 Scale Barding Armor
41:51 Forging
41:24 Heavy Scorpion
43:17 Two-Man Saw
43:03 Chain Barding Armor
42:06 Cavalier
42:20 Heavy Rocket Cart
44:48 Heavy Plow
44:42 Gold Mining
45:27 Stone Shaft Mining
47:20 Plate Barding Armor
47:21 Iron Casting
46:46 Scale Mail Armor
49:06 Chemistry
48:26 Ballistics
54:53 Blast Furnace
54:09 Chain Mail Armor
53:29 Pikeman
54:09 Squires
53:30 Elite Fire Lancer
53:56 Arson
54:21 Capped Ram
55:46 Halberdier
57:01 Plate Mail Armor
57:30 Siege Ram
Ming
9:06 Feudal Age
9:35 Double-Bit Axe
12:07 Horse Collar
21:40 Castle Age
24:13 Squires
24:34 Stone Mining
24:36 Gold Mining
25:46 Scale Mail Armor
25:58 Forging
26:10 Bow Saw
33:24 Gold Shaft Mining
37:04 Imperial Age
36:33 Wheelbarrow
35:43 Town Watch
36:23 Fletching
36:45 Scale Barding Armor
37:21 Iron Casting
36:54 Heavy Plow
38:12 Stone Shaft Mining
39:31 Two-Man Saw
41:19 Hand Cart
41:22 Elite War Wagon
43:00 Conscription
43:41 Caravan
44:39 Bodkin Arrow
45:53 Town Patrol
46:43 Ballistics
47:25 Chemistry
48:37 Shinkichon
49:53 Husbandry
57:03 Elite Fire Lancer
57:30 Arson
ijn_king
11:02 Feudal Age
11:32 Double-Bit Axe
11:30 Horse Collar
13:51 Wheelbarrow
19:00 Castle Age
16:56 Stone Mining
16:57 Gold Mining
20:09 Heavy Plow
23:56 Bow Saw
24:39 Fervor
30:16 Hand Cart
31:15 Stone Shaft Mining
36:31 Imperial Age
35:56 Forging
35:46 Scale Mail Armor
35:47 Padded Archer Armor
35:38 Fletching
39:10 Iron Casting
38:51 Chain Mail Armor
39:28 Elite Teutonic Knight
42:30 Two-Man Saw
42:16 Crop Rotation
48:39 Blast Furnace
48:10 Plate Mail Armor
47:56 Leather Archer Armor
47:36 Bodkin Arrow
53:56 Ironclad
57:23 Ring Archer Armor
57:00 Scale Barding Armor
57:14 Pikeman
57:54 Squires
57:54 Halberdier
Pande
10:31 Feudal Age
13:38 Loom
19:28 Castle Age
21:10 Fishing Lines
21:27 Stone Mining
21:46 Double-Bit Axe
25:04 Bow Saw
24:49 Gillnets
26:10 Stone Shaft Mining
26:36 Town Watch
26:48 Fletching
29:29 Gold Mining
32:04 Medium Warships
32:30 Scale Barding Armor
34:45 Wheelbarrow
37:22 Two-Man Saw
42:41 Imperial Age
42:04 Chain Barding Armor
42:43 Hand Cart
43:36 Gold Shaft Mining
44:29 Conscription
45:49 Fervor
47:00 Heavy Warships
48:21 Elite Coustillier
50:03 Plate Barding Armor
49:24 Bodkin Arrow
50:46 Forging
50:21 Horse Collar
53:17 Iron Casting
54:07 Town Patrol
Connection lost

Rejoining the realm…

Still unreachable

The connection could not be restored.

Session expired

The server has moved on; the page needs a fresh start.